 Dungeon Crawl Stone Soup version bcrawl-1.21.2-1-g32d02e0829 (webtiles) character file.

Game seed: 12833137205912818540

501 MisterOstroum the Charmwright (level 6, -18/52 HPs)
             Began as a Djinni Skald on Feb 18, 2020.
             Demolished by an ogre
             ... wielding a cursed -2 giant club
              (20 damage)
             ... on level 5 of the Dungeon.
             The game lasted 00:10:33 (5736 turns).

MisterOstroum the Charmwright (Djinni Skald)        Turns: 5736, Time: 00:10:33

Health: -18/52     AC:  4    Str: 15    XL:     6   Next: 95%
Magic:  6/12       EV: 12    Int: 16    God:
Gold:   260        SH:  0    Dex: 10    Spells: 4/13 levels left

rFire    + . .     SeeInvis .   a - +0 spear
rCold    + . .     Gourm    .   (no shield)
rNeg     + . .     Faith    .   y - +1 leather armour {rN+}
rPois    .         Spirit   .   (no helmet)
rElec    .         Reflect  .   j - scarf {rC+ rF+}
rCorr    .         Harm     .   (no gloves)
MR       .....     Rnd*Rage +   (boots unavailable)
Stlth    +.........             (no amulet)
HPRegen  0.17/turn              (no ring)
MPRegen  0.13/turn              (no ring)

@: flying, very slightly contaminated
A: never pass out, berserk 2, blink, blurry vision 2, wild magic 2, MP-powered
wands, floating
a: Blink


You were on level 5 of the Dungeon.
You were near starving.

You visited 1 branch of the dungeon, and saw 5 of its levels.

You collected 260 gold pieces.

Inventory:

Hand Weapons
 a - a +0 spear (weapon)
 s - a +0 war axe
 u - a +0 blowgun
Missiles
 c - 1631 stones (quivered)
 g - 412 bolts
 v - 53 poisoned needles
Armour
 j - a scarf of resistance (worn)
 l - a +0 large shield
 w - a +0 plate armour
 y - a +1 leather armour of positive energy (worn)
Jewellery
 k - an uncursed ring of fire
 x - an uncursed amulet of rage {unknown}
Wands
 b - a wand of polymorph (16)
Scrolls
 d - 4 scrolls of fear {!r}
 f - a scroll of enchant armour {unknown}
 i - a scroll of amnesia {unknown}
 m - 4 scrolls of identify {unknown}
 n - 5 scrolls of remove curse {@r2}
 q - a scroll of teleportation {unknown}
 r - a scroll of blinking {unknown}
Potions
 h - a potion of curing {@q1 !q}
 o - 3 potions of haste {@q4 !q}
 p - a potion of invisibility
 t - 2 potions of cancellation {unknown}
 z - a potion of heal wounds {unknown}
Comestibles
 e - 6 rations {!d}


   Skills:
 * Level 4.1 Fighting
 * Level 1.9(3.3) Axes
 * Level 4.1(4.3) Polearms
 - Level 0.8 Armour
 - Level 2.0 Dodging
 + Level 4.1 Spellcasting
 + Level 1.9 Hexes
 * Level 4.4 Charms
 + Level 1.1 Necromancy


You had 4 spell levels left.
You knew the following spells:

 Your Spells              Type           Power        Failure   Level  Hunger
a - Infusion              Chrm           ####....     9%          1    None
b - Song of Slaying       Chrm           ####....     12%         2    ##.....
c - Spectral Weapon       Hex/Chrm       ###.....     32%         3    ###....
H - Regeneration          Chrm/Necr      ###.......   36%         3    ###....

Your spell library contained the following spells:

 Spells                   Type           Power        Failure   Level  Hunger
 Ozocubu's Armour         Chrm/Ice       ###.....     43%         3    ###....


Dungeon Overview and Level Annotations

Branches:
Dungeon (5/12)
 Temple: D:4-7

Altars:
Dithmenos
Nemelex Xobeh


Innate Abilities, Weirdness & Mutations

You never pass out after going berserk.
You often lose your temper in combat.
You can translocate small distances at will.
Scrolls take you longer to read.
Your spells are harder to cast, but more powerful.
You expend magic power (3 MP) to strengthen your wands.
Your body floats in the air.


Message History

There is an open door here.
There is a stone staircase leading down here.
You fly downwards.
You hear the sound of rushing water.
There is an entrance to a sewer on this level.
Hurry and find it before the portal rusts away!
A worker ant and a centaur come into view.
The worker ant twitches its antennae in your direction.
The centaur shouts!
You hear a shout! x2
Found 20 gold pieces.
There is a stone staircase leading up here.
No path to travel!
No path to travel!
Found a rapier.
Casting: Infusion (safe; 9% risk of failure)
Confirm with . or Enter, or press ? or * to list all spells.
You miscast Spectral Weapon.
You are very lightly contaminated with residual magic.
The dust glows bright magenta!
The centaur wields a cursed -1 shortbow.
The centaur shoots an arrow.
The arrow closely misses you.
The centaur shoots an arrow.
The arrow hits you.
There is a stone staircase leading up here.
An orc priest comes into view. It is wielding a +0 trident.
The orc priest shouts!
You hear a shout!
The centaur hits you but does no damage.
A hound comes into view.
An orc comes into view. It is wielding a +0 falchion.
Found 7 gold pieces.
Casting: Spectral Weapon (safe; 32% risk of failure)
Confirm with . or Enter, or press ? or * to list all spells.
You miscast Spectral Weapon.
Your skin glows momentarily.
The hound barks!
The orc shouts!
The centaur barely misses you. The worker ant closely misses you.
A worker ant comes into view.
An orc comes into view.
The centaur hits you with a cursed -1 shortbow.
The orc priest complains loudly, in orcish tradition.
The centaur hits you with a cursed -1 shortbow.
The worker ant bites you but does no damage.
The worker ant closely misses you.
The centaur shoots an arrow.
The arrow hits you. The worker ant barely misses you.
The centaur shoots an arrow.
The arrow hits you!
There is a stone staircase leading up here.
The worker ant bites you.
The centaur shoots an arrow.
The arrow closely misses you.
As you climb the stairs, a rune flashes!
You stop ascending the stairs.
Your surroundings suddenly seem different.
Found 251 arrows, 16 gold pieces and a glowing spear.
Found two stone staircases leading down.
An ogre comes into view. It is wielding a +0 giant club.
An ogre comes into view. It is wielding a -2 giant club.
The ogre shouts!
You hear a shout!
An adder comes into view.
The adder hisses angrily.
An orc comes into view. It is wielding a +0 club.
The orc shouts!
Found a scroll labeled FULLEDERAM.
Casting: Spectral Weapon (safe; 32% risk of failure)
Confirm with . or Enter, or press ? or * to list all spells.
You draw out your weapon's spirit!
The adder bites you. The adder barely misses you.
You miss the adder.
Your spectral weapon hits the adder from afar.
The adder bites you but does no damage.
You hit the adder.
The adder is almost dead.
Your spectral weapon hits the adder from afar.
You hit the adder.
You kill the adder!
You swap places.
Okay, then.
Unknown command.
Really read
d - 5 scrolls of fear {!r}?
Your blurry vision makes reading the scroll take longer!
The ogre misses you.
The ogre hits your spectral weapon with a cursed -2 giant club.
Your spectral weapon shares its damage with you!
You begin reading the scroll.
You continue reading the scroll.
The orc misses your spectral weapon.
As you read the scroll of fear {!r}, it crumbles to dust.
You assume a fearsome visage.
The ogre resists with some effort.
The orc looks frightened!
The ogre looks frightened!
Your spectral weapon is unaffected.
Okay, then.
Unknown command.
The ogre hits you but does no damage.
The ogre hits your spectral weapon with a cursed -2 giant club!
Your spectral weapon shares its damage with you!
Your spectral weapon fades away.
Things that are here:
a scroll labeled FULLEDERAM; a scroll labeled OZOCOU EWNA Really read
d - 4 scrolls of fear {!r}?
Your blurry vision makes reading the scroll take longer!
The ogre hits you with a cursed -2 giant club!
* * * LOW HITPOINT WARNING * * *
You begin reading the scroll.
You continue reading the scroll.
The ogre hits you with a cursed -2 giant club!!
You die...

....##...)>.....
##......$.......
##...............
#......o.........
##.........>.....
##......##.....(..
#....##.#.........
###....####.........
#..@O.†.# ######....
###.?..## ... ###.##
.. ### .


You could see an ogre and an orc (fleeing).

Vanquished Creatures
  A bullfrog (D:4)
  3 howler monkeys (D:4)
  A crimson imp (D:3)
  A bullfrog skeleton (D:4)
  An iguana (D:4)
  A worker ant (D:4)
  9 adders
  A shadow imp (D:4)
  5 worms
  7 leopard geckos
  4 orcs (D:3)
  7 bats
  5 giant cockroaches
  5 goblins
  14 hobgoblins
  8 jackals
  2 quokkas
  A ball python (D:3)
  A ball python skeleton (D:4)
  2 frilled lizards (D:1)
  A jackal skeleton (D:2)
  8 kobolds
  8 rats
96 creatures vanquished.

Vanquished Creatures (others)
  A spectral weapon (D:5)
1 creature vanquished.

Grand Total: 97 creatures vanquished

Notes
Turn   | Place    | Note
-------+----------+-------------------------------------------
     0 | D:1      | MisterOstroum the Djinni Skald began the quest for the Orb.
     0 | D:1      | Reached XP level 1. HP: 17/17 MP: 4/4
   257 | D:1      | Reached XP level 2. HP: 25/25 MP: 6/6
   296 | D:1      | Learned a level 2 spell: Song of Slaying
   797 | D:1      | Reached XP level 3. HP: 27/30 MP: 7/7
   802 | D:1      | Learned a level 3 spell: Spectral Weapon
  1935 | D:2      | Gained mutation: Your spells are harder to cast, but more
                  | powerful. [Djinni growth]
  1935 | D:2      | Gained mutation: You can translocate small distances at
                  | will. [Djinni growth]
  1935 | D:2      | Reached XP level 4. HP: 38/38 MP: 9/9
  2024 | D:2      | Learned a level 3 spell: Regeneration
  2978 | D:3      | Reached skill level 1 in Hexes
  2978 | D:3      | Reached XP level 5. HP: 45/45 MP: 1/10
  4502 | D:4      | Reached skill level 1 in Axes
  4502 | D:4      | Reached XP level 6. HP: 25/52 MP: 7/11
  4858 | D:4      | Reached skill level 1 in Necromancy
  5257 | D:4      | Found a shadowy altar of Dithmenos.
  5257 | D:4      | Found a sparkling altar of Nemelex Xobeh.
  5706 | D:5      | Entered Level 5 of the Dungeon
  5735 | D:5      | HP: 2/52 [ogre/cursed -2 giant club (14)]
  5736 | D:5      | Demolished by an ogre

Skill      XL: |  1  2  3  4  5  6 |
---------------+-------------------+-----
Fighting       | 3 4 |  4.1
Polearms       | 3 4 |  4.1
Hexes          | 1 |  1.9
Axes           | 1 |  1.9
Charms         | 4 |  4.4
Spellcasting   | 4 |  4.1
Necromancy     | 1 |  1.1
Armour         | |  0.8
Dodging        | |  2.0

Action                   |  1- 3 |  4- 6 || total
-------------------------+-------+-------++-------
Melee: Spear             |   199 |   217 ||   416
 Cast: Infusion          |     7 |    19 ||    26
       Spectral Weapon   |     1 |     6 ||     7
       Song of Slaying   |       |     5 ||     5
       Regeneration      |       |     2 ||     2
  Use: Scroll            |     1 |     1 ||     2
       Potion            |       |     3 ||     3
 Stab: Distracted        |       |     1 ||     1
  Eat: Chunk             |     4 |    12 ||    16
Armor: Ring mail         |    41 |     9 ||    50
       Leather armour    |    17 |    15 ||    32
       Plate armour      |       |    11 ||    11
Dodge: Dodged            |   113 |    80 ||   193
Block: Large shield      |       |    21 ||    21
